 Dungeon Crawl Stone Soup version 0.22-a0-571-g4a923d4 (webtiles) character file.

99 kae the Chiller (level 4, -2/30 HPs)
             Began as a Merfolk Ice Elementalist on July 1, 2018.
             Slain by a water moccasin (6 damage)
             ... on level 2 of the Dungeon.
             The game lasted 00:02:43 (2260 turns).

kae the Chiller (Merfolk Ice Elementalist)          Turns: 2260, Time: 00:02:44

Health: -2/30      AC:  2    Str: 13    XL:     4   Next: 72%
Magic:  0/8        EV: 13    Int: 15    God:
Gold:   148        SH:  0    Dex: 14    Spells: 5/8 levels left

rFire    . . .     SeeInvis .   (no weapon)
rCold    . . .     Gourm    .   (no shield)
rNeg     . . .     Faith    .   a - +0 robe
rPois    .         Spirit   .   (no helmet)
rElec    .         Reflect  .   (no cloak)
rCorr    .         Harm     .   (no gloves)
MR       .....                  (no boots)
Stlth    ++........             (no amulet)
HPRegen  0.10/turn              (no ring)
MPRegen  0.11/turn              (no ring)

@: mighty
A: change form in water, swift swim, stealthy swim
a: no special abilities


You were on level 2 of the Dungeon.
You were not hungry.

You visited 1 branch of the dungeon, and saw 3 of its levels.

You collected 148 gold pieces.

Inventory:

Armour
 a - a +0 robe (worn)
Jewellery
 k - a cursed ring of teleportation {unknown}
Scrolls
 h - 2 scrolls of teleportation {unknown}
 l - a scroll of remove curse {unknown}
Potions
 d - a potion of flight
 i - a potion of degeneration {unknown}
 j - a potion of lignification {unknown}
Comestibles
 c - 3 rations


   Skills:
 - Level 2.6 Dodging
 - Level 2.1 Stealth
 + Level 2.9 Spellcasting
 - Level 0.7 Conjurations
 * Level 5.1 Ice Magic


You had 5 spell levels left.
You knew the following spells:

 Your Spells              Type           Power        Failure   Level  Hunger
a - Freeze                Ice            ###.         2%          1    #......
b - Throw Frost           Conj/Ice       ##....       9%          2    ##.....

Your spell library contained the following spells:

 Spells                   Type           Power        Failure   Level  Hunger
 Summon Ice Beast         Ice/Summ       ##......     56%         4    #####..
 Ozocubu's Armour         Chrm/Ice       ##......     21%         3    ###....
 Throw Icicle             Conj/Ice       ##......     52%         4    #####..


Dungeon Overview and Level Annotations

Branches:
Dungeon (3/15)

Altars:


Message History

You climb upwards.
There is a stone staircase leading down here.
Unknown command.
Unknown command.
Casting: Freeze (safe; 2% risk of failure)
Confirm with . or Enter, or press ? or * to list all spells.
Aiming: Freeze (safe; 2% risk of failure)
Press: ? - help, Shift-Dir - straight line, f - kobold
Aim: a kobold You freeze the kobold.
You kill the kobold!
The water moccasin bites you.
It was a potion of might.
You feel very mighty all of a sudden. The water moccasin closely misses you.
The water moccasin barely misses you.
You miss the water moccasin. The water moccasin bites you.
* * * LOW HITPOINT WARNING * * *
You barely miss the water moccasin. The water moccasin barely misses you.
The water moccasin bites you.
You die...

.........#.....# #..........#
.........#..#..#### #..........#
.........#>.......####..........#
..........#.....#.........#######
..............[.###.......#
####..#...................#
.#......###......##.......##
........##..#....S.........##
...............†@...........##
..........#.#.##.##.......#..#
............#.##.###.......#.####
............#.##..#####.##......#
...(......#...###.## #.####.####
..........).#..##..# #...##...#
................##.######.####.#
.#.........#...............# #.#
...........................###.#


You could see a water moccasin.

Vanquished Creatures
  A gnoll (D:1)
  2 adders (D:2)
  An ooze (D:1)
  3 worms
  A dart slug (D:2)
  2 leopard geckos
  3 bats
  3 giant cockroaches
  12 hobgoblins
  4 jackals
  2 quokkas (D:2)
  3 frilled lizards (D:1)
  7 goblins
  4 kobolds
  3 rats (D:1)
51 creatures vanquished.

Notes
Turn   | Place    | Note
-------+----------+-------------------------------------------
     0 | D:1      | kae the Merfolk Ice Elementalist began the quest for the Orb.
     0 | D:1      | Reached XP level 1. HP: 13/13 MP: 3/3
   106 | D:1      | Reached XP level 2. HP: 6/19 MP: 0/5
   474 | D:1      | Reached skill level 4 in Ice Magic
   540 | D:1      | Learned a level 2 spell: Throw Frost
   640 | D:1      | Reached XP level 3. HP: 19/24 MP: 0/6
  1315 | D:2      | Noticed a phantom
  1536 | D:2      | Reached XP level 4. HP: 18/30 MP: 0/8
  1893 | D:2      | Reached skill level 5 in Ice Magic
  2241 | D:3      | Noticed a water moccasin
  2260 | D:2      | Slain by a water moccasin

Vault maps used:
D:1:      dpeg_arrival_tiny_k
D:3:      portal_sewer_entry_c, hangedman_feature_mirror

Skill      XL: |  1  2  3  4 |
---------------+-------------+-----
Ice Magic      | 4 5 |  5.1
Dodging        | |  2.6
Stealth        | |  2.1
Spellcasting   | |  2.9
Conjurations   | |  0.7

Action                   |  1- 3 |  4- 6 || total
-------------------------+-------+-------++-------
Melee: Unarmed           |    24 |     8 ||    32
 Cast: Freeze            |    60 |    35 ||    95
  Use: Scroll            |     1 |     3 ||     4
       Potion            |       |     1 ||     1
 Stab: Sleeping          |     1 |       ||     1
  Eat: Chunk             |     2 |     3 ||     5
Armor: Robe              |     7 |     7 ||    14
Dodge: Dodged            |    37 |    31 ||    68

Table legend:
 A = Spawn XP
 B = Non-spawn XP
 C = Spawn XP percentage of total XP
 D = Spawn monster count
 E = Non-spawn monster count
 F = Spawn count percentage of total count
 G = Total turns spent on level
                    A         B        C        D         E        F      G
               +---------+---------+-------+---------+---------+-------+---------
         Total |       0 |     142 |   0.0 |       0 |      51 |   0.0 |  2260
               +---------+---------+-------+---------+---------+-------+---------
           D:1 |       0 |      62 |   0.0 |       0 |      26 |   0.0 |  1241
           D:2 |       0 |      70 |   0.0 |       0 |      22 |   0.0 |  1002
           D:3 |       0 |      10 |   0.0 |       0 |       3 |   0.0 |    17
               +---------+---------+-------+---------+---------+-------+---------
